 Dungeon Crawl Stone Soup version 0.17.2-1-ge4368a0 (webtiles) character file.

287166 Goblin1989 the Marksdemonspawn (level 19, 0/156 HPs)
             Began as a Demonspawn Gladiator on Aug 2, 2016.
             Was a High Priest of Okawaru.
             Hit by a large rock thrown by a stone giant (32 damage)
             ... on level 4 of the Vaults on Aug 4, 2016.
             The game lasted 03:35:32 (51963 turns).

Goblin1989 the Marksdemonspawn (DsGl)              Turns: 51963, Time: 03:35:32

Health: 0/156      AC: 31    Str: 30    XL:     19   Next: 85%
Magic:  25/25      EV: 13    Int: 12    God:    Okawaru [*****.]
Gold:   2893       SH:  0    Dex: 11    Spells: 4 memorised, 7 levels left

rFire  + . .     SeeInvis +       - Unarmed
rCold  + . .     Clarity  +     U - +2 plate armour {rF+}
rNeg   + . .     SustAt   .     (no shield)
rPois  .         Gourm    .     w - +2 helmet
rElec  +         Spirit   .     G - +1 cloak {MR+}
rCorr  +         Warding  .     (gloves unavailable)
rMut   .         Stasis   .     L - +3 pair of boots of Voucics {rCorr Str+2}
MR     +++..                    f - amulet "Fude" {Clar Dex+2 SInv}
Stlth  ..........               N - ring "Melaobb" {rElec AC+1 Str+6 Int+2 Dex-4}
                                g - ring of protection from magic

@: extremely resistant to hostile enchantments, extremely unstealthy
A: claws 3, hooves 1, rugged brown scales 2, clumsy 1, cold resistance 1,
demonic guardian 2, high mp 1, mutation resistance 1, negative energy resistance
1, regeneration 1, 50% torment resistance, black mark
a: Heroism, Finesse, Renounce Religion
}: 2/15 runes: barnacled, gossamer


You were on level 4 of the Vaults.
You worshipped Okawaru.
Okawaru was extremely pleased with you.
You were hungry.

You visited 6 branches of the dungeon, and saw 39 of its levels.
You also visited: Sewer, Ice Cave and Volcano.

You collected 4304 gold pieces.
You spent 1411 gold pieces at shops.

Inventory:

Hand Weapons
 b - the +8 longbow of Evolution {venom, rF+ Int+2}
   (You found it on level 7 of the Dungeon)

   It poisons the ammo it fires.
   It affects your intelligence (+2).
   It protects you from fire.
Missiles
 c - 7 throwing nets (quivered)
 p - 11 arrows of flame
 u - 37 arrows of frost
 y - 96 poisoned arrows
 J - 97 arrows of dispersal
 K - 822 arrows
Armour
 w - a +2 helmet (worn)
 G - a +1 cloak of magic resistance (worn)
 L - the +3 pair of boots of Voucics (worn) {rCorr Str+2}
   (Okawaru gifted it to you on level 1 of the Lair of Beasts)

   It affects your strength (+2).
   It protects you from acid and corrosion.
 U - a +2 plate armour of fire resistance (worn)
Jewellery
 f - the amulet "Fude" (around neck) {Clar Dex+2 SInv}
   (You bought it in a shop on level 4 of the Orcish Mines)

   [amulet of clarity]

   It provides mental clarity.
   It affects your dexterity (+2).
   It lets you see invisible.
 g - a ring of protection from magic (left claw)
 l - an uncursed ring of poison resistance
 r - the ring "Meiprear" {+/*Tele Dex+3 Stlth+}
   (You found it on level 3 of the Vaults)

   [ring of teleportation]

   It may teleport you next to monsters, and can be evoked to randomly teleport.
   It affects your dexterity (+3).
   It makes you more stealthy.
 v - an uncursed ring of protection from fire
 N - the ring "Melaobb" (right claw) {rElec AC+1 Str+6 Int+2 Dex-4}
   (You bought it in a shop on level 4 of the Orcish Mines)

   [ring of protection]

   It affects your AC (+1).
   It affects your strength (+6).
   It affects your intelligence (+2).
   It affects your dexterity (-4).
   It insulates you from electricity.
 Q - an uncursed amulet of regeneration
 S - an uncursed ring of sustain attributes
Wands
 d - a wand of digging (10)
 B - a wand of hasting (5)
 C - a wand of teleportation (5)
 D - a wand of disintegration (10)
 I - a wand of digging (18)
 R - a wand of heal wounds (7)
Scrolls
 j - a scroll of immolation
 k - 8 scrolls of teleportation
 q - 3 scrolls of fog
 s - 2 scrolls of fear
 x - a scroll of silence
 M - 15 scrolls of remove curse
 P - 3 scrolls of magic mapping
 W - 5 scrolls of recharging
 Y - 4 scrolls of enchant armour
Potions
 h - 4 potions of flight
 i - 12 potions of curing
 m - 3 potions of might
 o - 4 potions of haste
 A - 4 potions of cure mutation
 E - 3 potions of resistance
 F - 3 potions of agility
 T - 7 potions of cancellation
 V - 4 potions of berserk rage
Comestibles
 a - 17 meat rations
 e - 23 bread rations
 H - 5 beef jerkies
 O - 15 slices of pizza


   Skills:
 + Level 13.1 Fighting
   Level 1.3 Long Blades
   Level 4.0 Maces & Flails
 - Level 20.1 Bows
 - Level 1.7 Throwing
 + Level 12.6 Armour
 + Level 12.8 Dodging
 * Level 14.6 Unarmed Combat
 - Level 5.0 Invocations


You had 7 spell levels left.
You knew the following spells:

 Your Spells              Type           Power        Failure   Level  Hunger
a - Song of Slaying       Chrm           #.......     100%        2    ###....
b - Regeneration          Chrm/Necr      #.........   100%        3    ####...
c - Animate Skeleton      Necr           N/A          99%         1    ##.....
d - Aura of Abjuration    Summ           #.........   100%        5    ######.


Dungeon Overview and Level Annotations

Branches:
Dungeon (15/15)            Temple (0/1) D:7            Lair (8/8) D:10
 Shoals (4/4) Lair:5       Spider (4/4) Lair:5        Slime (0/6) Lair:6
    Orc (4/4) D:11            Elf (0/3) Orc:4        Vaults (4/5) D:13
  Crypt (0/3) Vaults:2     Depths (0/5) D:15

Altars:
Cheibriados
Kikubaaqudgha
Makhleb
Nemelex Xobeh
Okawaru
Vehumet
Xom
Yredelemnul
Beogh

Shops:
D:13 *   Orc:2 !   Orc:4 =([*   Shoals:2 :

Annotations:
D:3 pedritolo's ghost, amateur SpWr
Lair:4 exclusion: oklob plant


Innate Abilities, Weirdness & Mutations

You have claws for hands.
You are mostly covered in rugged brown scales (AC +2, +5% HP).
Your flesh is cold resistant.
A demonic guardian rushes to your aid.
You resist negative energy.
You are somewhat able to resist unholy torments (1 in 2 success).
Your melee attacks may debilitate your foes.
You have large cloven feet.
You are clumsy. (Dex -2)
You have an increased reservoir of magic (+10% MP).
You are somewhat resistant to further mutation.
Your natural rate of healing is unusually fast.


Message History

The stone giant hits you!!
* * * LOW HITPOINT WARNING * * *
You take 17 damage, and have 28/156 hp.
You claw the stone giant!
The stone giant is heavily wounded.
The stone giant closely misses you.
You barely miss the stone giant. You claw the stone giant.
The stone giant is heavily wounded.
The stone giant throws a large rock.
The large rock hits you but does no damage.
You see here a large rock.
Cast which spell? (? or * to list)
The spell is very dangerous to cast!
Continue anyway?
Okay, then.
Your smoke demon hits the stone giant.
Your smoke demon hits the stone giant but does no damage. x2
The stone giant hits your smoke demon but does no damage.
Your smoke demon disappears in a puff of smoke!
The stone giant throws a large rock.
The large rock hits you!!
You die...

#...(..##x#
#......#C#.#
##.....C'.#O#
.......(#########
.................
.................
.................
.................
#########@#############
#(#...#...#...#
#.#...'...#...#
#.#..##...##..#...
#.####.....#'##...
#.#...........#...
#.#>....#.....#...
#.#...........#...
#.##'#.....####...


You could see a stone giant.

Vanquished Creatures
  Norris (Spider:3)
  Nikola (Spider:2)
  Arachne (Spider:3)
  A tentacled monstrosity (Vaults:3)
  Rupert (Orc:2)
  An Ice Fiend (IceCv)
  Polyphemus (Shoals:3)
  Agnes (D:14)
  2 storm dragons
  A fire giant (Vaults:3)
  A vault warden (Vaults:2)
  2 frost giants
  Donald (Orc:3)
  An orc warlord (Orc:3)
  Maud (Orc:2)
  8 ghost moths
  5 emperor scorpions
  5 stone giants
  6 ironheart preservers
  A very ugly thing (Vaults:3)
  A war gargoyle (Vaults:2)
  Nessos (D:14)
  A salamander stormcaller (Vaults:3)
  6 merfolk javelineers
  9 vault guards
  An ettin (Vaults:3)
  The ghost of nublet the Carver, a journeyman FoAK of Lugonu (IceCv)
  7 merfolk impalers
  6 yaktaur captains
  A fire dragon (Lair:8)
  The ghost of DEFE the Fighter, a journeyman DrFi of Qazlal (D:13)
  2 entropy weavers (Spider:4)
  7 hydras
  8 ogre magi
  A satyr (Shoals:3)
  2 merfolk aquamancers
  A merfolk avatar (Shoals:1)
  An alligator snapping turtle (Shoals:4)
  13 centaur warriors
  3 death yaks
  Urug (Lair:4)
  An orc high priest (Orc:4)
  Nergalle (Lair:2)
  3 deep elf knights
  A storm dragon zombie (Vaults:4)
  A shadow wraith (Vaults:1)
  7 ice devils (IceCv)
  2 unseen horrors (D:15)
  2 deep trolls
  A fire crab (Vaults:1)
  5 skeletal warriors (Vaults:1)
  5 hill giants
  8 sea snakes
  A swamp dragon (shapeshifter) (Vaults:3)
  An obsidian statue (D:15)
  13 orc knights
  11 ironbrand convokers
  A wolf spider zombie (D:14)
  19 orb spiders
  8 harpies
  2 deep elf conjurers
  12 griffons
  5 cyclopes
  A large abomination (D:15)
  12 manticores
  The ghost of pedritolo the Nimble, a novice SpWr of Ashenzari (D:8)
  24 wolf spiders
  3 wizards
  2 octopodes (shapeshifter) (Vaults:2)
  5 orc sorcerers
  35 ugly things
  A water nymph (Shoals:2)
  A guardian serpent (Lair:8)
  11 elephants
  9 hornets
  4 sirens
  19 spiny frogs
  A frost giant skeleton (Vaults:4)
  A stone giant skeleton (Vaults:4)
  2 moths of wrath
  2 ice statues (IceCv)
  7 vault sentinels
  3 molten gargoyles (Volcano)
  4 fire drakes
  2 torpor snails
  An efreet (D:15)
  A gargoyle (Volcano)
  A spiny frog (shapeshifter) (Vaults:3)
  A smoke demon (D:15)
  5 komodo dragons
  3 kobold demonologists
  8 black mambas
  A human zombie (Vaults:2)
  A fire drake (shapeshifter) (Vaults:3)
  4 trolls
  8 demonic crawlers
  A yaktaur (shapeshifter) (D:14)
  A yaktaur skeleton (Vaults:3)
  9 blue devils
  A queen bee (Spider:4)
  3 freezing wraiths
  4 wind drakes
  29 yaktaurs
  A two-headed ogre (shapeshifter) (Vaults:3)
  23 jumping spiders
  23 merfolk
  7 boulder beetles
  4 slime creatures (Vaults:2)
  14 two-headed ogres
  10 snapping turtles
  18 trapdoor spiders
  17 yaks
  9 water elementals
  5 wyverns
  46 redbacks
  3 wraiths
  17 tarantellas
  A redback (shapeshifter) (Vaults:1)
  3 deep elf magi
  An ettin skeleton (Vaults:4)
  19 blink frogs
  A deep elf fighter (Vaults:2)
  4 vampires
  3 humans
  5 mottled dragons
  4 hungry ghosts
  2 hippogriffs (shapeshifter)
  4 fire elementals (Volcano)
  A wolf (Lair:2)
  9 hippogriffs
  2 steam dragons (Lair:8)
  2 swamp worms (Lair:3)
  2 hogs (Shoals:3)
  8 wargs
  14 vampire mosquitoes
  5 basilisks
  23 water moccasins
  8 porcupines
  8 wasps
  46 orc warriors
  5 sky beasts
  A swamp drake (Lair:8)
  2 black bears (D:8)
  2 phantoms
  24 spiders
  2 eyes of draining
  An orc zombie (Vaults:2)
  7 boggarts
  5 ice beasts
  25 ogres
  25 centaurs
  14 crocodiles
  A wyvern zombie (D:12)
  6 big kobolds
  A deep troll simulacrum (Vaults:3)
  A glowing shapeshifter simulacrum (Vaults:3)
  23 giant frogs
  2 scorpions
  A boulder beetle zombie (Vaults:2)
  13 wights
  A human simulacrum (Vaults:2)
  8 crimson imps
  13 killer bees
  An electric eel (Spider:3)
  4 centaur zombies
  3 giant frog zombies
  7 jellies
  Crazy Yiuf (D:6)
  5 centaur skeletons
  7 hounds
  3 giant frog skeletons
  An iron imp (D:15)
  28 orc priests
  36 orc wizards
  Terence (D:3)
  8 iguanas
  14 worker ants
  A worker ant (shapeshifter) (D:15)
  9 sheep
  A hound zombie (D:10)
  A mummy (D:6)
  A worker ant zombie (D:10)
  18 adders
  3 gnolls
  19 white imps
  90 river rats
  2 shadow imps
  6 ufetubi
  3 oozes (Lair:6)
  7 worms
  An adder skeleton (D:4)
  An adder zombie (D:7)
  A worm (shapeshifter) (Vaults:3)
  5 giant geckos
  168 orcs
  9 bats
  6 giant cockroaches
  11 hobgoblins
  7 jackals
  12 kobolds
  7 quokkas
  3 ball pythons
  11 giant newts
  5 goblins
  A quokka skeleton (D:7)
  17 rats
  A butterfly (Lair:3)
  A fungus (Lair:8)
  A plant (Lair:3)
  A tentacle (Shoals:2)
1562 creatures vanquished.

Vanquished Creatures (collateral kills)
  A kraken (Shoals:2)
  Kirke (Shoals:3)
  4 vault wardens
  2 stone giants
  A fire dragon (Vaults:1)
  A hydra (Lair:3)
  A catoblepas (Shoals:3)
  2 centaur warriors
  A merfolk avatar (Shoals:3)
  2 ogre magi
  A rakshasa (Vaults:2)
  An ice dragon (Vaults:1)
  A merfolk aquamancer (Shoals:3)
  A deep elf knight (Vaults:3)
  A sphinx zombie (Vaults:2)
  A hill giant (Vaults:1)
  7 ugly things
  An orc sorcerer (Orc:4)
  A water nymph (Shoals:4)
  2 necromancers
  A wolf spider (Vaults:3)
  2 vault sentinels
  A spiny frog (Lair:2)
  A komodo dragon (Lair:1)
  A hellwing (D:15)
  A yaktaur (Vaults:1)
  A freezing wraith (Vaults:3)
  2 two-headed ogres
  A snapping turtle (Shoals:4)
  A blink frog (shapeshifter) (Vaults:1)
  A blink frog (Lair:3)
  2 trapdoor spiders
  A spriggan (Lair:5)
  A hippogriff (Lair:1)
  A tarantella (Spider:2)
  A basilisk (Lair:8)
  A vampire mosquito (D:13)
  A yak (D:7)
  A porcupine (Lair:4)
  A human zombie (Vaults:2)
  An orc warrior (Vaults:1)
  A sky beast (shapeshifter) (Vaults:2)
  A centaur (D:6)
  9 ogres
  A crocodile (Lair:8)
  A jelly (D:13)
  2 orc priests (D:11)
  Ijyb (D:3)
  A worker ant (D:3)
  2 orc wizards
  An iguana (Lair:1)
  A sheep (D:7)
  A gnoll (D:6)
  2 white imps
  15 orcs
  A tentacle (Shoals:2)
  A tentacle segment (Shoals:2)
98 creatures vanquished.

Vanquished Creatures (others)
  An ogre mage (Vaults:1)
  A giant orange brain (Vaults:3)
  A red devil (D:15)
  A human (Shoals:3)
  A sky beast (D:8)
  A big kobold (D:15)
  An adder (D:7)
  A shadow imp (D:15)
  A river rat (Lair:8)
  4 white imps
  4 ufetubi
  2 fire vortices (Volcano)
  10 fungi
  27 plants
  7 tentacles (Shoals:2)
  448 tentacle segments (Shoals:2)
511 creatures vanquished.

Grand Total: 2171 creatures vanquished

Notes
Turn   | Place    | Note
--------------------------------------------------------------
     0 | D:1      | Goblin1989 the Demonspawn Gladiator began the quest for the Orb.
     0 | D:1      | Reached XP level 1. HP: 16/16 MP: 1/1
    51 | D:1      | Reached skill level 3 in Maces & Flails
   204 | D:1      | Gained mutation: You are partially covered in rugged brown scales (AC +1, +3% HP). [demonic ancestry]
   204 | D:1      | Reached XP level 2. HP: 10/22 MP: 2/2
  1039 | D:2      | Found an ancient bone altar of Kikubaaqudgha.
  1044 | D:2      | Gained mutation: You have sharp fingernails. [demonic ancestry]
  1044 | D:2      | Reached XP level 3. HP: 2/27 MP: 3/3
  1044 | D:2      | HP: 1/27 [poisoned by an adder]
  1345 | D:2      | Reached skill level 4 in Maces & Flails
  1390 | D:2      | Reached skill level 1 in Unarmed Combat
  1616 | D:3      | Noticed pedritolo's ghost (amateur SpWr)
  1634 | D:3      | Gained mutation: A weak demonic guardian rushes to your aid. [demonic ancestry]
  1634 | D:3      | Reached XP level 4. HP: 26/33 MP: 4/4
  1698 | D:3      | Found a glowing drain.
  1702 | Sewer    | Entered a sewer
  2502 | D:3      | Found a basalt altar of Yredelemnul.
  2508 | D:3      | Noticed Ijyb
  2533 | D:3      | Killed Ijyb
  2533 | D:3      | Reached XP level 5. HP: 21/39 MP: 5/5
  2770 | D:3      | Noticed Terence
  2800 | D:3      | Killed Terence
  3483 | D:4      | Reached XP level 6. HP: 45/45 MP: 6/6
  3495 | D:4      | Found a sparkling altar of Nemelex Xobeh.
  3534 | D:4      | Got a slimy leather armour
  3545 | D:4      | Identified the +3 leather armour "Lema" {rCorr} (You found it on level 4 of the Dungeon)
  3693 | D:4      | Reached skill level 5 in Unarmed Combat
  4024 | D:5      | Entered Level 5 of the Dungeon
  4150 | D:5      | Gained mutation: You are mostly covered in rugged brown scales (AC +2, +5% HP). [demonic ancestry]
  4150 | D:5      | Reached XP level 7. HP: 35/52 MP: 7/7
  4292 | D:5      | Reached skill level 6 in Unarmed Combat
  4823 | D:6      | Learned a level 2 spell: Song of Slaying
  4827 | D:6      | Learned a level 3 spell: Regeneration
  4883 | D:6      | Found an iron altar of Okawaru.
  4890 | D:6      | Became a worshipper of Warmaster Okawaru
  5006 | D:6      | Found a snail-covered altar of Cheibriados.
  5289 | D:6      | Found a radiant altar of Vehumet.
  5310 | D:6      | Reached skill level 7 in Unarmed Combat
  5325 | D:6      | Got a brightly glowing quarterstaff {drain}
  5326 | D:6      | Identified the cursed +1 quarterstaff "Dragonslayer" {drain, +Blink} (You took it off a gnoll on level 6 of the Dungeon)
  5462 | D:6      | Noticed Crazy Yiuf
  5469 | D:6      | Paralysed by Crazy Yiuf for 2 turns
  5477 | D:6      | Killed Crazy Yiuf
  5735 | D:7      | Reached * piety under Okawaru
  5735 | D:7      | Gained mutation: Your flesh is cold resistant. [demonic ancestry]
  5735 | D:7      | Reached XP level 8. HP: 35/58 MP: 8/8
  5737 | D:7      | Reached skill level 8 in Unarmed Combat
  5838 | D:7      | Got an encrusted longbow
  5839 | D:7      | Identified the +8 longbow of Evolution {venom, rF+ Int+2} (You found it on level 7 of the Dungeon)
  5896 | D:5      | Reached skill level 1 in Invocations
  7025 | D:7      | Noticed a human
  7026 | D:7      | Noticed a yak
  7070 | D:7      | Killed a human
  7070 | D:7      | Reached skill level 9 in Unarmed Combat
  7077 | D:7      | Killed a yak
  7333 | D:7      | Found a staircase to the Ecumenical Temple.
  7454 | D:7      | Reached ** piety under Okawaru
  7544 | D:7      | Reached skill level 10 in Unarmed Combat
  7573 | D:7      | Gained mutation: You have very sharp fingernails. [demonic ancestry]
  7573 | D:7      | Reached XP level 9. HP: 56/64 MP: 10/10
  7738 | D:7      | Found an iron altar of Okawaru.
  8014 | D:8      | Noticed pedritolo's ghost (novice SpWr)
  8188 | D:8      | Found a shimmering altar of Xom.
  8274 | D:8      | Gained mutation: You are weak. (Str -2) [mutagenic meat]
  8552 | D:8      | Gained mutation: Your natural rate of healing is unusually fast. [mutagenic meat]
  8553 | D:8      | Gained mutation: You are somewhat resistant to further mutation. [mutagenic meat]
  8554 | D:8      | Lost mutation: You are weak. (Str -2) [mutagenic meat]
  8579 | D:8      | Killed pedritolo's ghost
  8579 | D:8      | Reached *** piety under Okawaru
  8764 | D:8      | Found a burning altar of Makhleb.
  9381 | D:9      | Noticed a hill giant
  9395 | D:9      | Killed a hill giant
  9395 | D:9      | Reached **** piety under Okawaru
  9395 | D:9      | Gained mutation: You resist negative energy. [demonic ancestry]
  9395 | D:9      | Reached XP level 10. HP: 50/86 MP: 8/11
  9619 | D:9      | Found a basalt altar of Yredelemnul.
  9950 | D:10     | Entered Level 10 of the Dungeon
  9982 | D:10     | Noticed a hill giant
  9996 | D:10     | Reached skill level 1 in Armour
 10011 | D:10     | Found a staircase to the Lair.
 10018 | D:10     | Killed a hill giant
 10215 | D:10     | Noticed a hill giant
 10250 | D:10     | Killed a hill giant
 10480 | D:10     | Reached ***** piety under Okawaru
 10564 | D:10     | Reached skill level 5 in Dodging
 10900 | D:11     | Reached XP level 11. HP: 73/94 MP: 10/12
 10915 | D:11     | Reached skill level 10 in Fighting
 11017 | D:11     | Reached skill level 5 in Armour
 11095 | D:11     | Noticed an eight-headed hydra
 11102 | D:11     | Killed an eight-headed hydra
 11121 | D:11     | Found a staircase to the Orcish Mines.
 11508 | D:11     | Noticed a six-headed hydra
 11515 | D:11     | Killed a six-headed hydra
 11798 | Lair:1   | Entered Level 1 of the Lair of Beasts
 11833 | Lair:1   | Found a dark tunnel.
 11843 | Volcano  | Entered a volcano
 11937 | Volcano  | Noticed a lindwurm
 12031 | Volcano  | Got a silken robe
 12042 | Volcano  | Identified the cursed +1 robe of Gluttony {Int+2 Stlth+} (You found it in a volcano)
 12328 | Lair:1   | Received a gift from Okawaru
 12331 | Lair:1   | Got a pair of slimy boots {god gift}
 12337 | Lair:1   | Identified the +3 pair of boots of Voucics {rCorr Str+2} (Okawaru gifted it to you on level 1 of the Lair of Beasts)
 12904 | Lair:1   | Reached XP level 12. HP: 94/101 MP: 13/13
 13354 | Lair:2   | Reached skill level 1 in Bows
 13530 | Lair:2   | Noticed Nergalle
 14335 | Lair:3   | Noticed a six-headed hydra
 14343 | Lair:3   | Killed a six-headed hydra
 14498 | Lair:4   | Noticed Urug
 14548 | Lair:4   | Killed Urug
 14986 | Lair:4   | Received a gift from Okawaru
 14986 | Lair:4   | Reached skill level 10 in Dodging
 15031 | Lair:4   | Learned a level 1 spell: Animate Skeleton
 15609 | Lair:2   | Killed Nergalle
 15681 | Orc:1    | Entered Level 1 of the Orcish Mines
 15826 | Orc:2    | Found Huaph's Distillery.
 15848 | Orc:2    | Noticed Rupert
 16003 | Orc:2    | Killed Rupert
 16200 | Orc:3    | Noticed Donald
 16246 | Orc:3    | Killed Donald
 16246 | Orc:3    | Received a gift from Okawaru
 16246 | Orc:3    | Reached XP level 13. HP: 65/108 MP: 9/16
 16654 | Orc:2    | Noticed Maud
 16703 | Orc:2    | Killed Maud
 16703 | Orc:2    | Reached skill level 10 in Armour
 16703 | Orc:2    | Reached skill level 5 in Invocations
 16848 | Orc:2    | Found a burning altar of Makhleb.
 17078 | Orc:2    | Received a gift from Okawaru
 17304 | Orc:4    | Entered Level 4 of the Orcish Mines
 17306 | Orc:4    | Found a staircase to the Elven Halls.
 17538 | Orc:4    | Reached skill level 5 in Bows
 17549 | Orc:4    | Noticed an orc warlord
 17709 | Orc:4    | Found a roughly hewn altar of Beogh.
 17752 | Orc:3    | Killed an orc warlord
 18372 | Orc:3    | Received a gift from Okawaru
 18610 | Orc:4    | Found Soelaj's Jewellery Emporium.
 18749 | Orc:4    | Found Uculeoh's Antique Armour Emporium.
 18764 | Orc:4    | Found Kereub's Antique Weapon Emporium.
 18791 | Orc:4    | Bought a pearl-encrusted chain mail for 294 gold pieces
 18801 | Orc:4    | Identified the +1 chain mail of the Countless Curses {rPois rF+ rC+ Dex-4} (You bought it in a shop on level 4 of the Orcish Mines)
 19113 | Orc:4    | Found Vakuv's General Store.
 19133 | Orc:4    | Bought a scroll of fog for 28 gold pieces
 19133 | Orc:4    | Bought a scroll of blinking for 105 gold pieces
 19188 | Orc:4    | Bought the ring "Melaobb" {rElec AC+1 Str+6 Int+2 Dex-4} for 279 gold pieces
 19208 | Orc:4    | Bought the amulet "Fude" {Clar Dex+2 SInv} for 495 gold pieces
 19208 | Orc:4    | Bought a wand of disintegration (11) for 210 gold pieces
 19330 | Orc:4    | Received a gift from Okawaru
 20006 | Lair:5   | Found a staircase to the Shoals.
 20175 | Lair:5   | Received a gift from Okawaru
 20175 | Lair:5   | Reached skill level 10 in Bows
 20278 | Lair:5   | Found a hole to the Spider Nest.
 20340 | Lair:5   | Received a gift from Okawaru
 20343 | Lair:5   | Reached XP level 14. HP: 113/115 MP: 17/17
 21054 | Lair:6   | Found a staircase to the Slime Pits.
 21210 | Lair:6   | Reached skill level 11 in Bows
 22996 | Lair:8   | Entered Level 8 of the Lair of Beasts
 23098 | Lair:8   | Reached skill level 12 in Bows
 23453 | Lair:8   | Gained mutation: You have an increased reservoir of magic (+10% MP). [potion of mutation]
 23601 | Lair:8   | Received a gift from Okawaru
 23934 | Lair:8   | Reached skill level 13 in Bows
 24044 | Lair:8   | Received a gift from Okawaru
 24824 | Lair:8   | Received a gift from Okawaru
 24830 | Lair:8   | Got a slimy scale mail {god gift}
 24844 | Lair:8   | Identified the +1 scale mail of the Onion {rElec rC+ Stlth+} (Okawaru gifted it to you on level 8 of the Lair of Beasts)
 24983 | Spider:1 | Entered Level 1 of the Spider Nest
 25545 | Spider:1 | Reached skill level 14 in Bows
 25960 | Spider:1 | Gained mutation: You have claws for hands. [demonic ancestry]
 25960 | Spider:1 | Reached XP level 15. HP: 44/120 MP: 20/20
 26603 | Spider:2 | Noticed Nikola
 26612 | Spider:2 | Killed Nikola
 27984 | Spider:2 | Gained mutation: You are clumsy. (Dex -2) [mutagenic meat]
 28214 | Spider:3 | Noticed Norris
 28217 | Spider:3 | Paralysed by Norris for 7 turns
 28240 | Spider:3 | Killed Norris
 28240 | Spider:3 | Received a gift from Okawaru
 28240 | Spider:3 | Reached skill level 15 in Bows
 29148 | Spider:3 | Noticed Arachne
 29231 | Spider:3 | Killed Arachne
 29761 | Spider:4 | Entered Level 4 of the Spider Nest
 30334 | Spider:4 | Gained mutation: You are somewhat able to resist unholy torments (1 in 2 success). [demonic ancestry]
 30334 | Spider:4 | Reached XP level 16. HP: 116/130 MP: 19/21
 30845 | Spider:4 | Received a gift from Okawaru
 31440 | Spider:4 | Got a bloodstained long sword
 31443 | Spider:4 | Identified the +4 long sword of Mayhem {pain, Int+5} (You found it on level 4 of the Spider Nest)
 31926 | Spider:4 | Reached skill level 16 in Bows
 32431 | Spider:4 | Got a gossamer rune of Zot
 33219 | D:12     | Noticed DEFE's ghost (journeyman DrFi)
 33393 | D:12     | Gained mutation: You have large cloven feet. [mutagenic meat]
 34085 | D:13     | Received a gift from Okawaru
 34154 | D:13     | Found a gate to the Vaults.
 34290 | D:13     | Found Nuczoy Alogu's Elemental Accessories.
 34430 | D:13     | Reached skill level 17 in Bows
 34809 | D:14     | Noticed Nessos
 34822 | D:14     | Killed Nessos
 34907 | D:14     | Noticed Agnes
 34924 | D:14     | Killed Agnes
 35447 | D:14     | Gained mutation: A demonic guardian rushes to your aid. [demonic ancestry]
 35447 | D:14     | Reached XP level 17. HP: 137/137 MP: 22/22
 35751 | D:15     | Entered Level 15 of the Dungeon
 36351 | D:15     | Reached skill level 18 in Bows
 36375 | D:15     | Received a gift from Okawaru
 36838 | D:15     | Found a staircase to the Depths.
 37211 | Vaults:1 | Entered Level 1 of the Vaults
 37221 | Vaults:1 | Received a gift from Okawaru
 37730 | Vaults:1 | Received a gift from Okawaru
 38224 | Vaults:1 | Received a gift from Okawaru
 38449 | Vaults:1 | Reached skill level 19 in Bows
 39455 | Vaults:1 | Received a gift from Okawaru
 40011 | Vaults:2 | Received a gift from Okawaru
 40607 | Vaults:2 | Gained mutation: Your melee attacks may debilitate your foes. [demonic ancestry]
 40607 | Vaults:2 | Reached XP level 18. HP: 118/144 MP: 23/23
 40807 | Vaults:2 | Received a gift from Okawaru
 40945 | Vaults:2 | Found a staircase to the Crypt.
 40945 | Vaults:2 | Found an ancient bone altar of Kikubaaqudgha.
 40946 | Vaults:2 | Found a basalt altar of Yredelemnul.
 41028 | Vaults:2 | Reached skill level 20 in Bows
 41543 | Vaults:2 | Reached skill level 1 in Long Blades
 41966 | Vaults:2 | Received a gift from Okawaru
 43458 | Vaults:3 | Received a gift from Okawaru
 44979 | Vaults:3 | Received a gift from Okawaru
 45609 | Vaults:3 | Received a gift from Okawaru
 45925 | Vaults:3 | Got a heavily runed iron ring
 45927 | Vaults:3 | Identified the ring "Meiprear" {+/*Tele Dex+3 Stlth+} (You found it on level 3 of the Vaults)
 46195 | Vaults:4 | Reached XP level 19. HP: 131/153 MP: 25/25
 46752 | D:13     | Killed DEFE's ghost
 47026 | Shoals:1 | Entered Level 1 of the Shoals
 47522 | Shoals:1 | Identified Leromne's Almanac of Igneous Conjuration (You found it on level 1 of the Shoals)
 48228 | Shoals:2 | Found Qyugrur's Book Shoppe.
 48260 | Shoals:2 | Learned a level 5 spell: Aura of Abjuration
 48645 | Shoals:3 | Noticed Polyphemus
 48737 | Shoals:3 | Received a gift from Okawaru
 48749 | Shoals:3 | Found a frozen archway.
 48757 | IceCv    | Entered an ice cave
 48861 | IceCv    | Noticed nublet's ghost (journeyman FoAK)
 48868 | IceCv    | Killed nublet's ghost
 49534 | IceCv    | Got a crude longbow
 49535 | IceCv    | Identified the +8 longbow of Exquisite Death {venom, rPois Str-4 Dex+3} (You found it in an ice cave)
 49735 | Shoals:3 | Noticed Kirke
 49778 | Shoals:3 | Killed Kirke
 49972 | Shoals:3 | Killed Polyphemus
 50648 | Shoals:4 | Entered Level 4 of the Shoals
 50686 | Shoals:4 | Received a gift from Okawaru
 50717 | Shoals:4 | Got a barnacled rune of Zot
 50782 | Shoals:4 | Received a gift from Okawaru
 51097 | Shoals:4 | Received a gift from Okawaru
 51963 | Vaults:4 | Hit by a large rock thrown by a stone giant

Action                   |  1- 3 |  4- 6 |  7- 9 | 10-12 | 13-15 | 16-18 | 19-21 || total
-------------------------+-------+-------+-------+-------+-------+-------+-------++-------
Melee: Flail             |   138 |   193 |       |       |       |       |       ||   331
       Unarmed           |       |    94 |   476 |  1144 |  2055 |  2086 |   519 ||  6374
 Fire: Longbow           |       |       |       |       |   100 |   255 |   310 ||   665
Throw: Throwing net      |     1 |     3 |       |       |       |       |       ||     4
Invok: Heroism           |       |       |     5 |    15 |    25 |    17 |     7 ||    69
       Finesse           |       |       |       |     2 |     7 |     5 |     4 ||    18
Evoke: Wand              |       |       |     1 |     1 |     3 |     8 |       ||    13
  Use: Scroll            |     5 |     5 |     2 |    12 |    16 |     7 |     7 ||    54
       Potion            |     1 |     1 |     1 |     5 |     5 |     9 |     5 ||    27
 Stab: Held in net/web   |       |     2 |       |       |       |       |       ||     2
       Distracted        |       |       |     2 |     8 |     5 |     2 |       ||    17
       Sleeping          |       |       |     1 |       |       |       |       ||     1
       Invisible         |       |       |       |    20 |       |     4 |       ||    24
       Petrified         |       |       |       |       |       |       |     4 ||     4
  Eat: Chunk             |     2 |     3 |    15 |    16 |    35 |    45 |     6 ||   122
       Beef jerky        |       |     1 |       |     1 |       |     1 |     2 ||     5
       Meat ration       |       |     1 |     1 |     3 |     1 |       |       ||     6
       Fruit             |       |       |     1 |     9 |    23 |    10 |    13 ||    56
       Royal jelly       |       |       |       |     1 |       |       |       ||     1
       Bread ration      |       |       |       |       |       |     1 |       ||     1
